 Dungeon Crawl Stone Soup version 0.26.0-41-g79a4fc7684 (webtiles) character file.

Game seed: 17349098638847368498

65 kaeus the Ducker (level 4, -3/30 (31) HPs)
             Began as an Octopode Fighter on Jan 27, 2021.
             Killed by divine providence
             ... invoked by an orc priest
              (13 damage)
             ... on level 3 of the Dungeon.
             The game lasted 00:01:21 (771 turns).

kaeus the Ducker (Octopode Fighter)                  Turns: 771, Time: 00:01:22

HP:   -3/30 (31)    AC:  5    Str: 20 (21) XL:     4   Next: 13%
MP:   4/4           EV: 11    Int:  7 (10) God:
Gold: 107           SH:  9    Dex: 10 (12) Spells: 3/3 levels left

rFire    . . .     SeeInvis .   h - +0 dagger
rCold    . . .     Faith    .   b - +0 kite shield
rNeg     . . .     Spirit   .   (helmet restricted)
rPois    .         Reflect  .   (no amulet)
rElec    .         Harm     .   i - +4 ring of protection
rCorr    .         Rampage  .   k - +6 ring of strength
Will     .....                  (no ring)
Stlth    +++.......             (no ring)
HPRegen  0.10/turn              (no ring)
MPRegen  0.09/turn              (no ring)
                                (no ring)
                                (no ring)

@: mighty, lightly drained
A: almost no armour, stealthy swim, amphibious, 8 rings, constrict 8, camouflage
1, gelatinous body 1
a: no special abilities


You were on level 3 of the Dungeon.
You visited 1 branch of the dungeon, and saw 3 of its levels.

You collected 107 gold pieces.

Inventory:

Hand Weapons
 a - a +0 rapier
 h - a +0 dagger (weapon)
Armour
 b - a +0 kite shield (worn)
Jewellery
 i - a +4 ring of protection (left tentacle)
 k - a +6 ring of strength (right tentacle)
Scrolls
 e - 4 scrolls of remove curse {unknown}
 f - a scroll of teleportation {unknown}
 g - a scroll of magic mapping {unknown}
 m - a scroll of amnesia {unknown}
Potions
 d - a potion of curing {unknown}
 j - a potion of mutation {unknown}
 l - a potion of degeneration


   Skills:
 + Level 3.3 Fighting
 + Level 2.4 Short Blades
 + Level 3.3 Dodging
 * Level 2.8 Stealth
 + Level 3.3 Shields


You had 3 spell levels left.
You didn't know any spells.
Your spell library was empty.

Dungeon Overview and Level Annotations

Branches:
Dungeon (2/15)

Altars:
Trog


Innate Abilities, Weirdness & Mutations

You cannot wear most types of armour.
You are very stealthy in the water. (Stealth+)
You are amphibious.
You can wear up to eight rings at the same time.
You can use your tentacles to constrict eight enemies at once.
Your skin changes colour to match your surroundings (Stealth+).
Your rubbery body absorbs attacks. (AC +1, EV +1)


Message History

You hit the orc. You grab the orc.
The orc is moderately wounded.
You constrict the orc.
An orc comes into view. It is wielding a +0 war axe.
You hit the orc. You squeeze the orc.
You kill the orc!
The orc throws a boomerang.
You block the boomerang.
The weapon returns to the orc!
The adder misses you.
It was a potion of degeneration.
There was something very wrong with that liquid.
You feel weakened.
You feel dopey.
You feel clumsy.
An orc comes into view. It is wielding a +0 hand axe.
An orc wizard comes into view. It is wielding a +3 dagger.
The adder bites you but does no damage.
You feel very mighty all of a sudden.
The orc shouts!
You hear a shout!
The adder bites you but does no damage.
The orc priest calls down the wrath of Beogh upon you.
Beogh smites you!
You die...

#.. o.o# ...# ### #o.#
#..# ## ... #..# ..#
.# .... #..## #.#
.#$.... #=.#
#.###.#..$.
.#o.#####o###.........
.o....(@Sr........#
o.########.#......#
#.##.....#
#.##......g..
#.##..###.### #.....#
.?. ....... ...#
##....## ### #..#.#


You could see an orc priest, an orc wizard (wandering), an adder, 2 orcs and a
rat.

Vanquished Creatures
  2 adders (D:2)
  A dart slug (D:1)
  2 leopard geckos
  3 orcs
  3 giant cockroaches
  3 goblins (D:1)
  3 hobgoblins (D:1)
  3 jackals (D:1)
  5 kobolds
  5 bats (D:1)
  5 frilled lizards
  3 rats
38 creatures vanquished.

Notes
Turn   | Place    | Note
-------+----------+-------------------------------------------
     0 | D:1      | kaeus the Octopode Fighter began the quest for the Orb.
     0 | D:1      | Reached XP level 1. HP: 16/16 MP: 1/1
    30 | D:1      | Reached skill level 1 in Stealth
    33 | D:1      | Reached XP level 2. HP: 11/21 MP: 2/2
   365 | D:1      | Reached XP level 3. HP: 26/26 MP: 3/3
   623 | D:2      | Found a bloodstained altar of Trog.
   707 | D:2      | Reached XP level 4. HP: 26/31 MP: 4/4
   751 | D:2      | You fall into a shaft and drop 1 floor!
   771 | D:3      | Killed from afar by an orc priest

Illustrated notes

Levels and vault maps discovered:
D:1:      shiori_arrival_maze, layout_rooms
D:2:      layout_loops_ring, trog_butcher_becter
D:3:      layout_rooms

Skill      XL: |  1  2 |
---------------+-------+-----
Stealth        | 1 2 |  2.8
Fighting       | |  3.3
Short Blades   | |  2.4
Dodging        | |  3.3
Shields        | |  3.3

Action                   |  1- 3 |  4- 6 || total
-------------------------+-------+-------++-------
Melee: Rapier            |    34 |       ||    34
       Constrict         |    22 |     2 ||    24
       Tentacles         |    11 |     2 ||    13
       Dagger            |    34 |     9 ||    43
  Use: Potion            |       |     2 ||     2
 Stab: Sleeping          |     7 |       ||     7
Armor: Skin              |     4 |     6 ||    10
Dodge: Dodged            |    30 |     7 ||    37
Block: Kite shield       |    33 |     2 ||    35
